[Event "*** Titled Tuesday Blitz"]
[Site "Chess.com"]
[Date "2021.03.30"]
[Round "2"]
[White "Twitch_ElhamBlitz05"]
[Black "StockholmMissile"]
[Result "1-0"]
[WhiteElo "2878"]
[BlackElo "2567"]
[TimeControl "180+1"]
[EndTime "10:17:16 PDT"]
[Termination "Twitch_ElhamBlitz05 won by resignation"]

1. e4 e5 2. Nc3 Nf6 3. Bc4 Nxe4 4. Qh5 Nd6 5. Bb3 Be7 6. Qxe5 O-O 7. d4 Ne8 8. Nge2 c6 9. d5 d6 10. Qf4 Nd7 11. O-O c5 12. Ne4 Ndf6 13. N2g3 a6 14. a4 b6 15. c4 Ra7 16. Bc2 g6 17. b3 Nxe4 18. Nxe4 f5 19. Ng5 Bf6 20. Rb1 Re7 21. Qf3 Ng7 22. Bd2 Rfe8 23. Nh3 Nh5 24. Bd3 Kg7 25. b4 Qc7 26. bxc5 dxc5 27. Nf4 Nxf4 28. Bxf4 Be5 29. Bxe5+ Rxe5 30. h3 Bd7 31. a5 bxa5 32. Rfd1 Qd6 33. Rb7 Re1+ 34. Bf1 a4 35. Rxe1 Rxe1 36. Qc3+ Qe5 37. Rxd7+ Kh6 38. Qxe5 Rxe5 39.
Ra7 1-0

[Event "*** Titled Tuesday Blitz"]
[Site "Chess.com"]
[Date "2021.03.30"]
[Round "2"]
[White "Supernotar"]
[Black "ajdemipopushi"]
[Result "1-0"]
[WhiteElo "2704"]
[BlackElo "2347"]
[TimeControl "180+1"]
[EndTime "10:17:16 PDT"]
[Termination "Supernotar won on time"]

1. d4 Nf6 2. c4 c5 3. d5 b5 4. Nf3 g6 5. a4 b4 6. b3 Bg7 7. Bb2 O-O 8. Nbd2 e6 9. e4 exd5 10. exd5 Re8+ 11. Be2 Qe7 12. Nf1 d6 13. Ng3 Ne4 14.
Bxg7 Kxg7 15. Nxe4 Qxe4 16. Ra2 Bg4 17. O-O Nd7 18. h3 Bxf3 19. Bxf3 Qe5 20. Qd3 Qf6 21. Qc2 Re7 22. Raa1 Rae8 23. Rac1 a5 24. Qd2 h5 25.
Rfe1 Ne5 26. Be2 Qf5 27. Kf1 Qf6 28. Kg1 Qh4 29. Kf1 f5 30. f4 Nd7 31. Bf3 Nf6 32. Rxe7+ Rxe7 33. Re1 Rxe1+ 34. Qxe1 Qxe1+ 35. Kxe1 h4 36. Kf2 Kh6 37. Ke3 g5 38. Be2 Kg6 39. Bd3 Nh5 40.
fxg5 Kxg5 41. Kf3 Ng7 42. g3 hxg3 43. Kxg3 Nh5+ 44. Kf3 Nf6 45. Bc2 Nd7 46. h4+ Kxh4 47. Kf4 Ne5 48. Kxf5 Kg3 49. Ke6 Kf3 50. Kxd6 Kf4 51.
Kxc5 Ke3 52. d6 Kd2 53. Kd5 Nd7 54. Bf5 1-0

[Event "*** Titled Tuesday Blitz"]
[Site "Chess.com"]
[Date "2021.03.30"]
[Round "2"]
[White "Tactictic"]
[Black "AthanasiusLefebvre"]
[Result "1-0"]
[WhiteElo "2387"]
[BlackElo "2014"]
[TimeControl "180+1"]
[EndTime "10:17:16 PDT"]
[Termination "Tactictic won by resignation"]

1. e4 c5 2. Nf3 e6 3. d4 cxd4 4.
Nxd4 a6 5. Bd3 Qc7 6. O-O b5 7. a4 b4 8. a5 Bb7 9. Nd2 Nf6 10. Qe2 Bd6 11. h3 Nc6 12. Nxc6 Bxc6 13. Nc4 Bc5 14. Be3 Bxe3 15. Qxe3 d5 16. Nb6 Ra7 17. exd5 Nxd5 18.
Nxd5 Bxd5 19. Qd4 O-O 20. Qxb4 Rb7 21. Qh4 g6 22. b4 Qc6 23. f3 Qc3 24. Rab1 Rfb8 25.
b5 axb5 26. a6 Qc5+ 27. Qf2 Qxf2+ 28. Kxf2 Rb6 29. c4 bxc4 30. a7 Rxb1 31. Rxb1 Rxb1 32. Bxb1 Kf8 33. Be4 Bxe4 34. fxe4 1-0

[Event "*** Titled Tuesday Blitz"]
[Site "Chess.com"]
[Date "2021.03.30"]
[Round "2"]
[White "Shahaliyev"]
[Black "Rozhkov_V"]
[Result "1-0"]
[WhiteElo "2660"]
[BlackElo "2351"]
[TimeControl "180+1"]
[EndTime "10:17:17 PDT"]
[Termination "Shahaliyev won by resignation"]

1. e4 c5 2. Nc3 d6 3. Nf3 Nc6 4. d4 cxd4 5. Nxd4 Nf6 6. Bg5 Bd7 7. Bc4 Rc8 8. Bb3 Nxd4 9. Qxd4 Qa5 10. Bxf6 gxf6 11. O-O Rg8 12. Kh1 Qe5 13. Qd3 Qg5 14. Rg1 Bc6 15. Raf1 f5 16. f4 Qg6 17. Bd5 fxe4 18. Bxe4 Bxe4 19. Nxe4 f5 20. Ng5 h6 21.
Qb5+ Kd8 22. Nf3 Rxc2 23. Qxb7 Qe6 24. Nd4 Qc8 25. Qxa7 Rc4 26. Qb6+ Ke8 27. Qb5+ Kf7 28. Nxf5 Rc5 29. Qb3+ e6 30. Nd4 Bg7 31. Rd1 Bxd4 32. Rxd4 Qc6 33. Qh3 Rc2 34. Rdd1 Rg6 35. f5 exf5 36.
Qxf5+ Kg7 37. Rde1 Rcxg2 38. Re7+ Kh8 39. Qf8+ 1-0

[Event "*** Titled Tuesday Blitz"]
[Site "Chess.com"]
[Date "2021.03.30"]
[Round "2"]
[White "WonderChampion"]
[Black "noblerone"]
[Result "0-1"]
[WhiteElo "2095"]
[BlackElo "2400"]
[TimeControl "180+1"]
[EndTime "10:17:17 PDT"]
[Termination "noblerone won by checkmate"]

1. d4 d5 2. Bg5 h6 3. Bf4 c6 4.
Nf3 Qb6 5. Qc1 Bf5 6. c3 Nd7 7. Nbd2 e6 8. e3 Ngf6 9. Be2 Be7 10. O-O O-O 11. b3 c5 12. Ne5 Rac8 13. Nxd7 Nxd7 14. Qb2 Qa5 15. dxc5 Qxc5 16. Rac1 Qa5 17. b4 Qb6 18. a3 Bf6 19. Qb3 e5 20. Bg3 Be6 21. c4 d4 22. exd4 exd4 23. Ne4 Be7 24. Qd3 Nf6 25. Bf3 Nxe4 26. Bxe4 Qa6 27. Qxd4 Qxa3 28. b5 Rfd8 29. Qe3 Qxe3 30. fxe3 b6 31. Bb7 Rxc4 32.
Bc6 Rd2 33. Rxc4 Bxc4 34. Rc1 Be6 35. e4 Bc5+ 36. Kf1 Bg4 37. Re1 h5 38. h3 Be6 39.
e5 Bc4+ 40. Re2 Rxe2 41. e6 Rxe6# 0-1

[Event "*** Titled Tuesday Blitz"]
[Site "Chess.com"]
[Date "2021.03.30"]
[Round "2"]
[White "artichaud"]
[Black "Kale36"]
[Result "1-0"]
[WhiteElo "2107"]
[BlackElo "2383"]
[TimeControl "180+1"]
[EndTime "10:17:18 PDT"]
[Termination "artichaud won by resignation"]

1. e4 Nc6 2. Bb5 g6 3. Bxc6 bxc6 4. d3 Bg7 5. Ne2 c5 6. Nbc3 e6 7.
b3 Ne7 8. O-O O-O 9. Bb2 Bb7 10.
Na4 Bxb2 11. Nxb2 d5 12. Nc3 Nc6 13. Nba4 Qd6 14. Re1 Nd4 15. Qd2 Kg7 16. Rac1 Rad8 17. e5 Qe7 18. Ne2 Bc6 19. Nxd4 cxd4 20. Qa5 Bxa4 21.
Qxa4 c5 22. c3 dxc3 23. Rxc3 Rc8 24. Rec1 Rc7 25. d4 Rfc8 26. Qa3 Qg5 27. Rxc5 Rxc5 28. Rxc5 Rxc5 29. Qxc5 Qd2 30. h4 Qxa2 31. b4 Qc4 32. Qxc4 dxc4 33. Kf1 Kf8 34. Ke1 Ke7 35. Kd2 Kd7 36. Kc3 Kc6 37. Kxc4 a6 38. f3 h6 39. g3 h5 40. g4 Kb6 41. d5 exd5+ 42. Kxd5 Kb5 43. gxh5 gxh5 44. f4 Kxb4 45. f5 a5 46. e6 fxe6+ 47. fxe6 a4 48. e7 a3 49. e8=Q a2 50. Qe5 Kb3 51. Qa1 1-0

[Event "*** Titled Tuesday Blitz"]
[Site "Chess.com"]
[Date "2021.03.30"]
[Round "2"]
[White "SirStrateg"]
[Black "Fandorine"]
[Result "0-1"]
[WhiteElo "2566"]
[BlackElo "2873"]
[TimeControl "180+1"]
[EndTime "10:17:19 PDT"]
[Termination "Fandorine won by resignation"]

1. d4 Nf6 2. Bf4 d6 3. e3 g6 4. Nf3 Bg7 5. h3 O-O 6. Be2 c5 7. c3 Qb6 8. Qb3 Be6 9. Qa3 Nd5 10. Bg3 cxd4 11. exd4 Qc6 12. Nbd2 b5 13. Qa5 a6 14. a4 Nd7 15. O-O Rab8 16. axb5 axb5 17. Qa6 Rb6 18. Qa7 Rfb8 19. Ng5 Bf5 20. Qa2 h6 21. Bf3 N7f6 22. Nge4 Nxe4 23. Nxe4 Bxe4 24. Bxe4 Nxc3 25.
Bxc6 Nxa2 26. Be4 Nb4 27. Ra7 Bf6 28. Bf4 h5 29. Rc1 Ra6 30. Rxa6 Nxa6 31. Rc6 Nb4 32. Rc7 d5 33. Rc5 e5 34. dxe5 Be7 35. e6 Bxc5 36.
exf7+ Kxf7 37. Bxb8 dxe4 0-1

[Event "*** Titled Tuesday Blitz"]
[Site "Chess.com"]
[Date "2021.03.30"]
[Round "2"]
[White "superchess02"]
[Black "OriTaichman"]
[Result "1-0"]
[WhiteElo "2811"]
[BlackElo "2539"]
[TimeControl "180+1"]
[EndTime "10:17:19 PDT"]
[Termination "superchess02 won by checkmate"]

1. e4 c5 2. Nf3 Nc6 3. c3 d6 4.
d4 Nf6 5. Bd3 e5 6. O-O cxd4 7.
cxd4 exd4 8. Bb5 Be7 9. Nxd4 Bd7 10. Nc3 O-O 11. Be3 Re8 12. Re1 Ng4 13. Bxc6 Nxe3 14. Rxe3 bxc6 15. Rd3 Qb6 16. Na4 Qa6 17. Ra3 Qb7 18.
Rb3 Qa6 19. Ra3 Qb7 20. Rb3 Qa6 21. Nc3 Rab8 22. Rc1 Rxb3 23. Qxb3 c5 24. Nf3 Bf6 25. Nd5 Rxe4 26. Nxf6+ gxf6 27. h3 Be6 28. Qb8+ Kg7 29. Rd1 Qxa2 30. Qxd6 Qxb2 31. Qg3+ Kh6 32. Rd8 Qc1+ 33.
Kh2 Qf4 34. Ra8 Qxg3+ 35. Kxg3 Ra4 36. Nd2 Ra2 37. Nb1 Bd5 38. Rd8 Be4 39. Nd2 Bg6 40. f4 Kg7 41. Kg4 Bc2 42. Nc4 a5 43. Nd6 Bd1+ 44.
Kg3 Ra3+ 45. Kh4 f5 46. Nxf5+ Kf6 47. g4 a4 48. Rd6# 1-0

[Event "*** Titled Tuesday Blitz"]
[Site "Chess.com"]
[Date "2021.03.30"]
[Round "2"]
[White "chessdjw"]
[Black "Deepweb2020"]
[Result "1-0"]
[WhiteElo "2771"]
[BlackElo "2519"]
[TimeControl "180+1"]
[EndTime "10:17:19 PDT"]
[Termination "chessdjw won by checkmate"]

1. e4 e5 2. Nf3 Nc6 3. Bb5 a6 4. Ba4 Nf6 5. O-O b5 6. Bb3 Bc5 7. a4 Rb8 8. c3 d6 9. d4 Bb6 10. axb5 axb5 11. Na3 O-O 12. Nxb5 Bg4 13. Bc2 Bxf3 14.
gxf3 Nh5 15. f4 Nxf4 16. Bxf4 exf4 17. Qg4 Qf6 18. Kh1 Ne7 19. b4 Ng6 20. Na3 c5 21. e5 Qd8 22. exd6 cxb4 23. Nc4 bxc3 24. Bxg6 hxg6 25. Qxf4 Qd7 26. d5 Rfc8 27. Ra6 Bc5 28. Ne5 Qb7 29. Rc6 f6 30. Nxg6 Rxc6 31. Ne7+ Kf7 32.
dxc6 Qb6 33. Qc4+ Kf8 34. Qg8# 1-0

[Event "*** Titled Tuesday Blitz"]
[Site "Chess.com"]
[Date "2021.03.30"]
[Round "2"]
[White "djano"]
[Black "esrosenberg"]
[Result "1-0"]
[WhiteElo "2434"]
[BlackElo "2220"]
[TimeControl "180+1"]
[EndTime "10:17:20 PDT"]
[Termination "djano won by checkmate"]

1. e4 e5 2. Nc3 Nf6 3. d4 exd4 4. Qxd4 Nc6 5. Qd3 Bb4 6. Bd2 Qe7 7. O-O-O d6 8. f4 Bg4 9. Nf3 O-O-O 10. h3 Bd7 11. Nd5 Bxd2+ 12. Nxd2 Nxd5 13. exd5 Nb4 14. Qa3 Nxd5 15. Qxa7 Bc6 16. Nc4 Kd7 17. Qd4 b5 18. Nd2 Qe3 19. Qxg7 Rhe8 20. Qxf7+ Re7 21. Qf5+ Ke8 22.
Qh5+ Kd7 23. Qg4+ Ke8 24. Bd3 Nxf4 25. Bxh7 Ne2+ 26. Kb1 Rxh7 27. Qg8+ Kd7 28. Qxh7+ Kc8 29. Rhe1 Bxg2 30. Qf5+ Kb8 31. Qxb5+ Bb7 32. Qxe2 Qxh3 33. Qe3 Qh5 34. Nb3 Rf8 35. a3 Rf3 36. Qe8+ Qxe8 37. Rxe8+ Ka7 38. Nd4 Rf4 39. Ne6 Rf2 40. Nxc7 Kb6 41. Nd5+ Bxd5 42. Rxd5 Kc6 43. c4 Kd7 44. Ra8 Rf4 45. Ra7+ Kc6 46. Ra6+ Kb7 47. Raxd6 Rxc4 48. Ka2 Rc1 49. Rg6 Kc7 50. Rh5 Rd1 51. Rh7+ Kc8 52.
Rg8+ Rd8 53. Rxd8+ Kxd8 54. a4 Kc8 55. a5 Kb8 56. a6 Ka8 57. b4 Kb8 58. b5 Ka8 59.
b6 Kb8 60. Rh8# 1-0

[Event "*** Titled Tuesday Blitz"]
[Site "Chess.com"]
[Date "2021.03.30"]
[Round "2"]
[White "AsaHoffmann"]
[Black "RamyresCoelho"]
[Result "0-1"]
[WhiteElo "2395"]
[BlackElo "2172"]
[TimeControl "180+1"]
[EndTime "10:17:22 PDT"]
[Termination "RamyresCoelho won by resignation"]

1. d4 Nf6 2. Bg5 Ne4 3. Bf4 c5 4. f3 Qa5+ 5. c3 Nf6 6. d5 Qb6 7. e4 Qxb2 8. Nd2 Qxc3 9. Bc7 Qe3+ 10. Ne2 Na6 11. Bf4 Qa3 12. Nc1 d6 13. Nc4 Qc3+ 14.
Bd2 Qxa1 15. Be2 b5 16. Na5 Bd7 17. Qc2 Qe5 18. O-O g6 19. Nc6 Bxc6 20. dxc6 Bg7 21.
Bxb5 Nc7 22. Bc4 O-O 23. Bc3 Qh5 24. Ne2 e5 25. Ng3 Qh4 26. Rd1 Nh5 27. Be1 Nxg3 28. Bxg3 Qe7 29. Qf2 Rfd8 30. Bh4 g5 31. Bg3 Kh8 32.
h4 f6 33. hxg5 fxg5 34. Qd2 h6 35. Bf2 Ne6 36. Qa5 Nd4 37. Bxd4 exd4 38. Bd5 Rac8 39. Rb1 Qc7 40. Qa6 Rb8 41. Rb7 Rxb7 42. cxb7 Rb8 43. a4 Qb6 44. Qc4 d3 45. Kh2 d2 46. Qd3 Qb4 47. Kh3 Qd4 48. Qxd4 Bxd4 49. Bb3 Rxb7 50. Bd1 Rb1 0-1

[Event "*** Titled Tuesday Blitz"]
[Site "Chess.com"]
[Date "2021.03.30"]
[Round "2"]
[White "Nikolakis2014"]
[Black "DanielNaroditsky"]
[Result "0-1"]
[WhiteElo "2604"]
[BlackElo "3034"]
[TimeControl "180+1"]
[EndTime "10:17:23 PDT"]
[Termination "DanielNaroditsky won by resignation"]

1. Nf3 Nf6 2. c4 g6 3. g3 Bg7 4. Bg2 O-O 5. O-O d6 6. d4 Nbd7 7. Nc3 e5 8. e4 exd4 9. Nxd4 Re8 10. Re1 Nc5 11. h3 Bd7 12. Bf4 a5 13. Ndb5 Bc6 14.
Qc2 Nfd7 15. Rad1 Ne5 16. Nd5 Rc8 17. b3 Bxb5 18. cxb5 c6 19. bxc6 bxc6 20. Ne3 Qc7 21. Nc4 Nxc4 22. Qxc4 Be5 23. Bxe5 Rxe5 24. f4 Ree8 25.
Kh2 Ne6 26. h4 Rcd8 27. Qc3 Ng7 28. Rc1 c5 29. Bh3 Qb6 30. Rcd1 Qb4 31. Qf3 Ne6 32. f5 Nd4 33. Qf4 Qc3 34. Bg2 Re5 35. Rf1 Rf8 36. Rf2 f6 37. Rdf1 Kg7 38. fxg6 hxg6 39. Qg4 Qe3 40. Qd7+ Rf7 41. Qxd6 Re6 42. Qd5 Rfe7 43. e5 Qxe5 44. Qa8 Nf5 45. Rf4 Ne3 46. Re4 Nxf1+ 47. Kg1 Qxg3 0-1

[Event "*** Titled Tuesday Blitz"]
[Site "Chess.com"]
[Date "2021.03.30"]
[Round "2"]
[White "ChainsOfFantasia"]
[Black "MuhittinBuker"]
[Result "1-0"]
[WhiteElo "2423"]
[BlackElo "2195"]
[TimeControl "180+1"]
[EndTime "10:17:24 PDT"]
[Termination "ChainsOfFantasia won on time"]

1. f4 d5 2. Nf3 c5 3. e3 Nf6 4. b3 g6 5. Bb2 Bg7 6. Bb5+ Bd7 7. Be2 Nc6 8. O-O O-O 9. c4 d4 10. exd4 Ne8 11. Qc1 Nxd4 12. Nxd4 cxd4 13. Bf3 Bc6 14. d3 Nc7 15. Nd2 Ne6 16. f5 gxf5 17. Bxc6 bxc6 18. Rxf5 Bh6 19. Qd1 Be3+ 20. Kh1 Ng7 21. Rf1 e5 22. Ne4 f5 23. Nc5 Rf6 24. Bc1 f4 25. Qf3 Rh6 26. Ne4 Kh8 27. g3 Qd7 28. Bxe3 dxe3 29. gxf4 Rh3 30.
Ng3 Qxd3 31. fxe5 Rg8 32. Rad1 Qc2 33. Qe2 Qxe2 34. Nxe2 Ne6 35. Rg1 1-0

[Event "*** Titled Tuesday Blitz"]
[Site "Chess.com"]
[Date "2021.03.30"]
[Round "2"]
[White "Bhagya_2312"]
[Black "NoGalloNoParty"]
[Result "1-0"]
[WhiteElo "2167"]
[BlackElo "2393"]
[TimeControl "180+1"]
[EndTime "10:17:24 PDT"]
[Termination "Bhagya_2312 won by resignation"]

1. e4 c5 2. Nf3 e6 3. d4 cxd4 4. Nxd4 Nc6 5. Nc3 Qc7 6. f4 a6 7. Be3 b5 8. Be2 Bb7 9. Bf3 d6 10. a3 Nf6 11. O-O Be7 12. Kh1 O-O 13. Qe2 Nxd4 14.
Bxd4 e5 15. Be3 Rfe8 16. Rad1 Rac8 17. Qf2 Bf8 18. fxe5 dxe5 19. Bg5 Be7 20. Qg3 Red8 21. Bh6 g6 22. Bg4 Rxd1 23. Rxd1 Rd8 24. Re1 Nxg4 25. Qxg4 Qd7 26. Qf3 f5 27. h3 a5 28.
Qe2 b4 29. Rd1 Qc7 30. Rxd8+ Bxd8 31. Nd5 Bxd5 32. exd5 Be7 33. Qb5 bxa3 34. bxa3 Bxa3 35. Qe8+ 1-0

[Event "*** Titled Tuesday Blitz"]
[Site "Chess.com"]
[Date "2021.03.30"]
[Round "2"]
[White "Caterpiller35"]
[Black "mr65"]
[Result "1/2-1/2"]
[WhiteElo "2391"]
[BlackElo "2100"]
[TimeControl "180+1"]
[EndTime "10:17:24 PDT"]
[Termination "Game drawn - insufficient material"]

1. d4 Nf6 2. Bg5 g6 3. Bxf6 exf6 4. e3 Bg7 5. c4 O-O 6. Nc3 c5 7. dxc5 Nc6 8. g3 Qe7 9. Bg2 Qxc5 10. Nge2 Qxc4 11.
O-O f5 12. Rc1 Qe6 13. Nd5 Rb8 14. Nef4 Qe5 15. b4 a6 16. a4 d6 17. b5 axb5 18. axb5 Ne7 19. Rc7 Nxd5 20. Nxd5 Be6 21. b6 Kh8 22. h4 Bxd5 23. Qxd5 Qxd5 24. Bxd5 Bf6 25. Rfc1 Bd8 26. Rxf7 Rxf7 27. Bxf7 Bxb6 28. h5 Kg7 29. Bd5 Bc5 30. Kg2 b5 31. Kf3 b4 32. Rb1 Kf6 33. hxg6 hxg6 34. g4 Ke5 35. Bb3 Rf8 36. Rd1 fxg4+ 37.
Kg2 Ra8 38. Rd5+ Kf6 39. Kg3 Ra3 40. Rd3 Ke5 41. Bc2 Rxd3 42. Bxd3 Kf6 43. Kxg4 b3 44. Kf4 b2 45. Ke4 g5 46. Kf3 Bb4 47. Kg4 Be1 48.
f4 gxf4 49. Kxf4 Bd2 50. Ke4 Ke6 51. Kd4 d5 52. e4 dxe4 53. Bxe4 Bc3+ 54. Kxc3 b1=Q 55.
Bxb1 1/2-1/2

[Event "*** Titled Tuesday Blitz"]
[Site "Chess.com"]
[Date "2021.03.30"]
[Round "2"]
[White "LenkaPtacnikova"]
[Black "GiorgianBarbosa"]
[Result "0-1"]
[WhiteElo "2167"]
[BlackElo "2413"]
[TimeControl "180+1"]
[EndTime "10:17:25 PDT"]
[Termination "GiorgianBarbosa won on time"]

1. c4 Nf6 2. g3 g6 3. Bg2 Bg7 4. Nc3 O-O 5. Nf3 c6 6. O-O d5 7.
cxd5 cxd5 8. d4 Ne4 9. Qb3 Nc6 10.
Rd1 Na5 11. Qxd5 Nxc3 12. Qxd8 Nxe2+ 13. Kf1 Nxg3+ 14. hxg3 Rxd8 15. Bf4 b6 16. Ne5 Ba6+ 17. Kg1 Rac8 18. Be4 Bb7 19. Bxb7 Nxb7 20. Rac1 Bxe5 21. dxe5 Rxd1+ 22. Rxd1 Nc5 23. Be3 Ne6 24. Rd7 Rc7 25.
Rd5 Kg7 26. a4 Rc4 27. a5 Rb4 28. Rd7 bxa5 29. Rxa7 Rxb2 30. Rxa5 Rb7 31. Ra8 h5 32. Kg2 Rb5 33. f4 Rb3 34. Bf2 Rb7 35. Re8 Kh7 36.
Kf3 Ng7 0-1

[Event "*** Titled Tuesday Blitz"]
[Site "Chess.com"]
[Date "2021.03.30"]
[Round "2"]
[White "exoticprincess"]
[Black "Nice_2_M8te_U"]
[Result "1-0"]
[WhiteElo "2854"]
[BlackElo "2548"]
[TimeControl "180+1"]
[EndTime "10:17:26 PDT"]
[Termination "exoticprincess won by checkmate"]

1. d4 d5 2. Nc3 Nf6 3. Bf4 Bf5 4.
f3 c5 5. e3 a6 6. g4 cxd4 7.
exd4 Bg6 8. h4 h6 9. h5 Bh7 10. Bd3 Bxd3 11. Qxd3 Nc6 12. Nge2 e6 13. O-O-O Rc8 14.
Kb1 Qa5 15. Nc1 b5 16. Nb3 Qb6 17. Qe3 a5 18. a4 bxa4 19. Nxa4 Qb4 20. Nbc5 Bxc5 21.
Nxc5 Nxd4 22. Rxd4 Qxc5 23. c3 O-O 24. g5 hxg5 25.
Bxg5 Nh7 26. Rg1 Kh8 27. Bf4 Rfe8 28. h6 e5 29. Bxe5 f6 30. hxg7+ Kg8 31. Qh6 fxe5 32. Rh1 Ng5 33. Qxg5 exd4 34. Rh8+ Kf7 35. Qf5+ Ke7 36. g8=Q Rxg8 37. Rh7+ Kd6 38. Qf6# 1-0

[Event "*** Titled Tuesday Blitz"]
[Site "Chess.com"]
[Date "2021.03.30"]
[Round "2"]
[White "LordIron"]
[Black "KubaGepard"]
[Result "1/2-1/2"]
[WhiteElo "2237"]
[BlackElo "2425"]
[TimeControl "180+1"]
[EndTime "10:17:26 PDT"]
[Termination "Game drawn by repetition"]

1. d4 d5 2. Nf3 Nf6 3. g3 b5 4. a4 b4 5. Bg2 e6 6. c4 bxc3 7. bxc3 a5 8. O-O Ba6 9. Ba3 Nbd7 10. Nbd2 Bxa3 11. Rxa3 Nb6 12. Ne5 Qd6 13. Ra2 Nfd7 14. c4 Nxe5 15. c5 Qe7 16. cxb6 Nc4 17. b7 Rb8 18. Nxc4 Bxc4 19. Rb2 O-O 20. Qd2 c6 21. Rfb1 Qc7 22. Rb6 h6 23. e3 Rfe8 24. Qxa5 Rxb7 25. Qc5 Rxb6 26. Rxb6 Rb8 27. a5 Rxb6 28. axb6 Qb7 29. Bf1 Bxf1 30. Kxf1 g6 31. Qa5 Qe7 32. Qa7 Qb4 33.
b7 Qb1+ 34. Kg2 Qe4+ 35. f3 Qc2+ 36. Kf1 Qc1+ 37. Kg2 Qc2+ 38. Kh3 Qf5+ 39. Kg2 Qc2+ 1/2-1/2

[Event "*** Titled Tuesday Blitz"]
[Site "Chess.com"]
[Date "2021.03.30"]
[Round "2"]
[White "ErikBlomqvist"]
[Black "Lyschko"]
[Result "1/2-1/2"]
[WhiteElo "2608"]
[BlackElo "2242"]
[TimeControl "180+1"]
[EndTime "10:17:27 PDT"]
[Termination "Game drawn by repetition"]

1. e4 Nf6 2. e5 Nd5 3. d4 d6 4. Nf3 dxe5 5. Nxe5 c6 6. Nf3 Bf5 7. Bd3 Bxd3 8. Qxd3 e6 9. O-O Bd6 10. c4 Nf6 11. Nc3 O-O 12. Bg5 h6 13. Bh4 Nbd7 14.
Rad1 Qa5 15. Rfe1 Qh5 16. Bg3 Bxg3 17. hxg3 Rad8 18. Qc2 Ng4 19. Qe2 Ndf6 20. Rd2 Rd7 21. Red1 Rfd8 22. Rd3 b6 23. R1d2 a6 24. b3 b5 25. a4 bxc4 26. bxc4 Rb8 27. Rb2 Rdb7 28. Rxb7 Rxb7 29. Rd1 a5 30. Ne4 Nxe4 31. Qxe4 Rb3 32. Qxc6 Rb2 33. Rf1 Rb3 34. Re1 Rb2 35. Rf1 Rb3 36.
Rd1 Rb2 37. Rf1 1/2-1/2

[Event "*** Titled Tuesday Blitz"]
[Site "Chess.com"]
[Date "2021.03.30"]
[Round "2"]
[White "Fortitudine"]
[Black "theredking89"]
[Result "1/2-1/2"]
[WhiteElo "2273"]
[BlackElo "2540"]
[TimeControl "180+1"]
[EndTime "10:17:27 PDT"]
[Termination "Game drawn by repetition"]

1. c4 Nf6 2. g3 g6 3. Bg2 Bg7 4. Nc3 O-O 5. e4 c5 6. d3 Nc6 7. Nge2 d6 8. O-O Ne8 9. Be3 Nc7 10. d4 cxd4 11. Nxd4 Ne6 12. Nde2 Nc5 13. Rc1 a5 14. b3 Bg4 15. f3 Bc8 16. Nd4 Nxd4 17. Bxd4 Bxd4+ 18. Qxd4 Be6 19. e5 Qb6 20. exd6 Qxd6 21.
Qxd6 exd6 22. Rfd1 Rfd8 23. Kf2 Kf8 24. f4 Ke7 25.
Rd2 Ra6 26. Re1 Kf8 27. Red1 Rb6 28. Nb5 Ke7 29. Re1 Kf8 30. Red1 Ke7 31. Re1 a4 32. b4 Na6 33. a3 Kf8 34. Bd5 Bxd5 35. Rxd5 Rc6 36. Rd4 Nc7 37. Nxc7 Rxc7 38. Red1 Rdc8 39.
Rxd6 Rxc4 40. Rd8+ Rxd8 41. Rxd8+ Ke7 42. Rb8 Rc2+ 43.
Kf3 Rc3+ 44. Ke4 Rxa3 45. Rxb7+ Kf6 46. Rb6+ Ke7 47. Rb7+ Ke6 48. Rb6+ Ke7 49. Rb7+ 1/2-1/2

[Event "*** Titled Tuesday Blitz"]
[Site "Chess.com"]
[Date "2021.03.30"]
[Round "2"]
[White "svilson23"]
[Black "profofchess"]
[Result "1-0"]
[WhiteElo "2270"]
[BlackElo "2444"]
[TimeControl "180+1"]
[EndTime "10:17:28 PDT"]
[Termination "svilson23 won on time"]

1. e4 e6 2. d4 d5 3. exd5 exd5 4. Nf3 Nf6 5. Bd3 c5 6. O-O c4 7. Re1+ Be7 8. Bf1 O-O 9. b3 cxb3 10. axb3 Nc6 11. h3 Bf5 12. Ne5 Nb4 13. Na3 Rc8 14. Re2 Ne4 15. Bb2 Nc3 16. Bxc3 Rxc3 17. g4 Be6 18. Qd2 Rc8 19. c3 Nc6 20. Nd3 h5 21.
Nf4 hxg4 22. Nxe6 fxe6 23. Qe3 e5 24. dxe5 Bg5 25. Qd3 d4 26. Nb5 dxc3 27. Nd6 Rc7 28. Qxc3 Qe7 29. Ra4 gxh3 30. Bxh3 Nd8 31. Qg3 Bh6 32.
Rh4 Ne6 33. Rxh6 Nf4 34. Re4 Rc1+ 35. Kh2 1-0

[Event "*** Titled Tuesday Blitz"]
[Site "Chess.com"]
[Date "2021.03.30"]
[Round "2"]
[White "Bigfish1995"]
[Black "chigorin28"]
[Result "1-0"]
[WhiteElo "3022"]
[BlackElo "2602"]
[TimeControl "180+1"]
[EndTime "10:17:29 PDT"]
[Termination "Bigfish1995 won on time"]

1. e4 c6 2. d4 d5 3. Nc3 dxe4 4.
Nxe4 Nf6 5. Ng3 h5 6. h4 Bg4 7.
Be2 Bxe2 8. N1xe2 Nbd7 9. c3 e6 10. Bg5 Be7 11. Nf4 g6 12. Qc2 Rg8 13. O-O-O Qa5 14.
Kb1 O-O-O 15. Rhe1 Rge8 16. c4 Kb8 17. Nd3 Ka8 18. f3 Rc8 19. Ne5 Bb4 20. Re2 Rf8 21.
c5 Nxe5 22. Bxf6 Nd7 23. Be7 Rfe8 24. Bd6 Qd8 25. Ne4 Ba5 26. Ng5 Qf6 27. Re4 Bc7 28.
Rf4 Qh8 29. Nxf7 Qg8 30. Bxc7 Rxc7 31. Nd6 Rf8 32. Rxf8+ Nxf8 33. Qe4 Re7 34. Re1 a6 35. Nc8 Rf7 36. Nd6 Rd7 37. a3 Nh7 38. Qxe6 Qxe6 39. Rxe6 Ka7 40. Rxg6 Nf8 41. Rh6 Re7 42. Rxh5 Re1+ 43.
Ka2 Re2 44. Rf5 Ne6 45. Re5 Nxd4 46. Rxe2 Nxe2 47. h5 Nf4 48. h6 Ng6 49. h7 b6 50. Nf7 bxc5 51. f4 1-0

[Event "*** Titled Tuesday Blitz"]
[Site "Chess.com"]
[Date "2021.03.30"]
[Round "2"]
[White "Harry_Rakkel"]
[Black "Srisshhhtea"]
[Result "0-1"]
[WhiteElo "2603"]
[BlackElo "2335"]
[TimeControl "180+1"]
[EndTime "10:17:29 PDT"]
[Termination "Srisshhhtea won on time"]

1. Nf3 Nf6 2. c4 c5 3. g3 g6 4. Bg2 Bg7 5. O-O O-O 6. d4 cxd4 7. Nxd4 d5 8. cxd5 Nxd5 9. Nb5 Be6 10. e4 Nb4 11. N1c3 N8c6 12. Bf4 Bc4 13. Re1 Nd3 14. Re3 Nxb2 15. Qc2 Nd3 16. Rd1 Qa5 17. Bc7 Qa6 18. a4 Ncb4 19. Qb1 Rac8 20. Bf1 Bxc3 21. Bxd3 Bxd3 22.
Rexd3 Nxd3 23. Rxd3 Bg7 24. Rd7 Qxa4 25. Rxe7 Bf6 26.
Bd6 Bxe7 27. Bxe7 Rfe8 28. Bf6 Qxe4 29. Qb2 Rc2 30. Qa1 Rec8 31. Bg5 Qf5 32. Be3 Qxb5 33. Qf6 Qc6 34. Qf4 Qd5 35. h4 R2c4 0-1

[Event "*** Titled Tuesday Blitz"]
[Site "Chess.com"]
[Date "2021.03.30"]
[Round "2"]
[White "SoldierOfGod1"]
[Black "Kostukov_Alex"]
[Result "1-0"]
[WhiteElo "2514"]
[BlackElo "2302"]
[TimeControl "180+1"]
[EndTime "10:17:29 PDT"]
[Termination "SoldierOfGod1 won by checkmate"]

1. c4 g6 2. Nc3 Bg7 3. d4 d6 4. e4 e5 5. Nf3 exd4 6. Nxd4 Nc6 7. Be3 Nge7 8. Be2 O-O 9. O-O f5 10. exf5 Bxd4 11. Bxd4 Nxf5 12. Be3 Nxe3 13. fxe3 Rxf1+ 14. Qxf1 Be6 15. Nd5 Ne5 16. Rd1 Bxd5 17. Rxd5 Qg5 18. Qf4 Qe7 19. c5 Rf8 20. Qg3 Kg7 21. cxd6 cxd6 22.
h3 Rc8 23. Rd2 Qf6 24. Qf4 Rc1+ 25. Kh2 Qxf4+ 26. exf4 Nf7 27. Bf3 Rc7 28. Bd5 Rd7 29. Be6 Rd8 30. Rc2 Kf6 31. Bd5 Rd7 32. Rc8 Nd8 33.
Rc4 h5 34. Re4 Nf7 35. g4 hxg4 36. hxg4 g5 37. Re6+ Kg7 38. f5 Ne5 39. f6+ Kf8 40. Kg3 Rd8 41. a3 Nf7 42. Re7 Ne5 43. Rh7 Rd7 44.
Rh8# 1-0

[Event "*** Titled Tuesday Blitz"]
[Site "Chess.com"]
[Date "2021.03.30"]
[Round "2"]
[White "chegueps"]
[Black "stepakyedael"]
[Result "0-1"]
[WhiteElo "2454"]
[BlackElo "2309"]
[TimeControl "180+1"]
[EndTime "10:17:29 PDT"]
[Termination "stepakyedael won by resignation"]

1. d4 Nf6 2. Nf3 g6 3. Nc3 d5 4. Bf4 Bg7 5. Qd2 h6 6. h4 Ne4 7. Nxe4 dxe4 8. Ne5 Nd7 9. Qc3 Nxe5 10. Bxe5 Bxe5 11. dxe5 Be6 12. Rd1 Qc8 13. e3 O-O 14. Be2 h5 15. Qb4 c5 16. Qxe4 Bf5 17. Qf4 Bxc2 18. Rc1 Bf5 19. Rg1 b6 20. Bf3 Rb8 21. g4 hxg4 22. Bxg4 Bxg4 23. Rxg4 Qe6 24. h5 Kg7 25.
Ke2 Rh8 26. hxg6 fxg6 27. Rcg1 Rh6 28. b3 Rf8 29. Qe4 Rf5 30. f4 Rfh5 31. R1g2 Rh2 32.
Rxh2 Rxh2+ 33. Rg2 Rxg2+ 34. Qxg2 Qf5 35. Qb7 Qc2+ 36.
Kf3 Qd1+ 37. Kg3 Qg1+ 38. Kf3 Qh1+ 0-1